 Dungeon Crawl Stone Soup version 0.24-a0-443-g80245de (webtiles) character file.

Game seed: 11991723618878570740

63 MatthieuS the Conjurer (level 3, -4/28 HPs)
             Began as a Draconian Conjurer on June 21, 2019.
             Hit by a stone thrown by a gnoll (6 damage)
             ... on level 3 of the Dungeon.
             The game lasted 00:03:16 (2156 turns).

MatthieuS the Conjurer (Draconian Conjurer)         Turns: 2156, Time: 00:03:17

Health: -4/28      AC:  5    Str: 10    XL:     3   Next: 89%
Magic:  7/7        EV:  9    Int: 16    God:
Gold:   67         SH:  6    Dex: 11    Spells: 4/7 levels left

rFire    . . .     SeeInvis .   c - +0 dagger (distort) {!w}
rCold    . . .     Gourm    .   h - +0 shield
rNeg     . . .     Faith    .   (armour unavailable)
rPois    .         Spirit   .   (helmet restricted)
rElec    .         Reflect  .   (no cloak)
rCorr    .         Harm     .   (no gloves)
MR       .....                  (no boots)
Stlth    ++........             (no amulet)
HPRegen  0.09/turn              (no ring)
MPRegen  0.10/turn              (no ring)

@: no status effects
A: unfitting armour, cold-blooded, AC +5
a: no special abilities


You were on level 3 of the Dungeon.
You were not hungry.

You visited 1 branch of the dungeon, and saw 3 of its levels.

You collected 67 gold pieces.

Inventory:

Hand Weapons
 c - a +0 dagger of distortion (weapon) {!w}
   (You found it on level 1 of the Dungeon)
 d - a cursed -3 short sword
   (You found it on level 1 of the Dungeon)
Missiles
 f - 15 poisoned darts (quivered)
Armour
 h - a +0 shield (worn)
   (You found it on level 2 of the Dungeon)
Scrolls
 g - a scroll of immolation {unknown}
 i - a scroll of fog {unknown}
Potions
 a - a potion of curing {unknown}
Comestibles
 e - 7 rations


   Skills:
 + Level 1.4 Fighting
 - Level 1.7 Dodging
 + Level 2.4 Stealth
 + Level 0.4 Shields
 * Level 2.9 Spellcasting
 + Level 4.3 Conjurations


You had 4 spell levels left.
You knew the following spells:

 Your Spells              Type           Power        Failure   Level  Hunger
a - Magic Dart            Conj           ###.         22%         1    #......
b - Searing Ray           Conj           ###...       32%         2    ##.....

Your spell library contained the following spells:

 Spells                   Type           Power        Failure   Level  Hunger
 Dazzling Spray           Conj/Hex       #.....       83%         3    ###....
 Iskenderun's Mystic Bla  Conj           ###.....     91%         4    #####..
 Force Lance              Conj/Tloc      #.......     99%         4    #####..
 Fulminant Prism          Conj/Hex       #.........   99%         4    #####..


Dungeon Overview and Level Annotations

Branches:
Dungeon (3/15)

Altars:
Sif Muna


Innate Abilities, Weirdness & Mutations

Your plain brown scales are hard. (AC +5)
You cannot fit into any form of body armour.
You are cold-blooded and may be slowed by cold attacks.


Message History

No target in view!
Found 21 stones.
You see here 21 stones.
You see here 21 stones.
All of the chunks of flesh in your inventory have rotted away.
A rat comes into view.
A rat is nearby!
A gnoll comes into view. It is wielding a +0 club.
A gnoll comes into view. It is wielding a +0 halberd.
You block the rat's attack.
You closely miss the rat.
A gnoll comes into view. It is wielding a +0 spear.
You block the rat's attack.
You hit the gnoll.
The gnoll disappears!
The rat bites you but does no damage.
You completely miss the rat.
The rat twitches its whiskers.
The rat barely misses you. You block the gnoll's attack.
The gnoll hits you from afar with a +0 halberd.
You closely miss the rat. The rat barely misses you.
You block the gnoll's attack. The gnoll barely misses you.
You hit the rat.
You kill the rat!
You block the gnoll's attack.
The gnoll hits you from afar with a +0 halberd.
A rat comes into view.
The gnoll barely misses you.
You see here a rat corpse.
You barely miss the gnoll. You block the gnoll's attack.
The gnoll hits you with a +0 halberd!
* * * LOW HITPOINT WARNING * * *
You hit the gnoll. The gnoll hits you with a +0 spear.
* * * LOW HITPOINT WARNING * * *
The gnoll hits you with a +0 halberd.
* * * LOW HITPOINT WARNING * * *
The gnoll hits you but does no damage. You block the gnoll's attack.
The gnoll hits you from afar with a +0 spear.
* * * LOW HITPOINT WARNING * * *
The gnoll throws a stone.
The stone completely misses you.
The gnoll throws a stone.
The stone hits you.
* * * LOW HITPOINT WARNING * * *
You see here a stone.
The gnoll throws a stone.
The stone closely misses you.
You see here a stone.
The gnoll throws a stone.
The stone hits you.
* * * LOW HITPOINT WARNING * * *
There is a stone staircase leading up, spattered with blood here.
You see here a stone.
The gnoll throws a stone.
The stone hits you.
You die...

#####.##########.##...
###...[...#....... ##### ##
#.........#....... #...
...#######...#.#.#.#....... #.##
.........g...#............. #.##
.....†.....^.......#....... #.#.
##...###...........#....... #.#.
#... #.....r.....#....... #.#.
#... #.##..(g(@.######### #...
#... #.#.########### ###. #...
#.#..(..#.....###########.
#...###...###.#.###..##.........
##........#...#...##.##.########
#######...#.#####.##.##.#
..........#.......#.....#
########..#.#####.##.####
#....)#...#...##.#


You could see 2 gnolls and a rat.

Vanquished Creatures
  An adder (D:2)
  A worm (D:2)
  2 dart slugs (D:2)
  A leopard gecko (D:1)
  4 giant cockroaches
  4 goblins
  6 hobgoblins
  A quokka (D:2)
  6 bats
  3 frilled lizards
  5 kobolds
  9 rats
43 creatures vanquished.

Vanquished Creatures (others)
  A worm (D:2)
  A goblin (D:1)
  A kobold (D:2)
3 creatures vanquished.

Grand Total: 46 creatures vanquished

Notes
Turn   | Place    | Note
-------+----------+-------------------------------------------
     0 | D:1      | MatthieuS the Draconian Conjurer began the quest for the
                  | Orb.
     0 | D:1      | Reached XP level 1. HP: 14/14 MP: 3/3
   536 | D:1      | Reached XP level 2. HP: 22/22 MP: 1/5
   981 | D:1      | Reached skill level 1 in Fighting
  1063 | D:2      | Learned a level 2 spell: Searing Ray
  1101 | D:2      | Reached XP level 3. HP: 18/28 MP: 6/6
  1315 | D:2      | Found a deep blue altar of Sif Muna.
  2155 | D:3      | HP: 1/28 [gnoll/stone (3)]
  2156 | D:3      | Hit by a stone thrown by a gnoll

Levels and vault maps discovered:
D:1:      eino_arrival_tree_alley, layout_basic, minmay_ruptured
D:2:      layout_rooms, lemuel_crystal_altar
D:3:      layout_loops_cross, ebering_ghost_disaster_area, first_ration,
          chequers_ecumenical_altar_grove, minmay_misc_feat_ornament,
          cheibrodos_ashenzari_chains

Skill      XL: |  1  2 |
---------------+-------+-----
Stealth        | 2 |  2.4
Fighting       | 1 |  1.4
Dodging        | |  1.7
Shields        | |  0.4
Spellcasting   | |  2.9
Conjurations   | |  4.3

Action                   || total
-------------------------++-------
Melee: Unarmed           ||     2
       Dagger            ||   126
       Tailslap          ||     7
 Cast: Magic Dart        ||    14
 Stab: Sleeping          ||     3
  Eat: Chunk             ||     4
Armor: Skin              ||    31
Dodge: Dodged            ||    67
Block: Shield            ||    31

Table legend:
 A = Non-vault XP
 B = Vault XP
 C = Vault XP percentage of total XP
 D = Non-vault monster count
 E = Vault monster count
 F = Vault count percentage of total count
                 A         B        C        D         E       F
            +---------+---------+-------+---------+---------+-------
      Total |      89 |       2 |   2.2 |      44 |       2 |   4.3
            +---------+---------+-------+---------+---------+-------
        D:1 |      29 |       2 |   6.5 |      20 |       2 |   9.1
        D:2 |      57 |       0 |   0.0 |      21 |       0 |   0.0
        D:3 |       3 |       0 |   0.0 |       3 |       0 |   0.0
            +---------+---------+-------+---------+---------+-------
